 Dungeon Crawl Stone Soup version 0.22-a0-247-gbddf880 (webtiles) character file.

29 Amnesiac the Gusty (level 3, -3/19 HPs)
             Began as a Tengu Air Elementalist on Feb 23, 2018.
             Killed by divine providence
             ... invoked by an orc priest
              (14 damage)
             ... on level 3 of the Dungeon.
             The game lasted 00:02:45 (562 turns).

Amnesiac the Gusty (Tengu Air Elementalist)          Turns: 562, Time: 00:02:45

Health: -3/19      AC:  2    Str:  8    XL:     3   Next: 16%
Magic:  7/7        EV: 12    Int: 16    God:
Gold:   24         SH:  0    Dex: 14    Spells: 5/6 levels left

rFire    . . .     SeeInvis .   c - +0 dagger (protect)
rCold    . . .     Gourm    .   (no shield)
rNeg     . . .     Faith    .   a - +0 robe
rPois    .         Spirit   .   (helmet restricted)
rElec    .         Reflect  .   (no cloak)
rCorr    .         Harm     .   (no gloves)
MR       .....                  (boots unavailable)
Stlth    ++........             (no amulet)
HPRegen  0.06/turn              (no ring)
MPRegen  0.10/turn              (no ring)

@: no status effects
A: beak, talons 3
a: no special abilities


You were on level 3 of the Dungeon.
You were not hungry.

You visited 1 branch of the dungeon, and saw 3 of its levels.

You collected 24 gold pieces.

Inventory:

Hand Weapons
 c - a +0 dagger of protection (weapon)
Missiles
 d - 9 stones (quivered)
Armour
 a - a +0 robe (worn)
Scrolls
 f - a scroll of remove curse {!r, unknown}
Comestibles
 b - a ration
 g - 6 chunks of flesh


   Skills:
 + Level 0.2 Fighting
 - Level 2.1 Dodging
 - Level 2.0 Stealth
 - Level 2.0 Spellcasting
 - Level 4.0 Conjurations
 - Level 4.0 Air Magic


You had 5 spell levels left.
You knew the following spells:

 Your Spells              Type           Power        Failure   Level  Hunger
a - Shock                 Conj/Air       ##..         4%          1    #......


Dungeon Overview and Level Annotations

Branches:
Dungeon (3/15)

Altars:


Innate Abilities, Weirdness & Mutations

You have a beak for a mouth.
You have claws for feet.


Message History

Your Conjurations skill increases to level 4!
You need to enable at least one skill for training.
d - 9 stones (gained 1)
You start resting.
A jackal comes into view.
The jackal moves out of view.
A jackal comes into view.
The jackal barks! x2
The jackal bites you.
You completely miss the jackal. You closely miss the jackal.
The jackal closely misses you. x2
The jackal barely misses you. x2
You barely miss the jackal. You claw the jackal.
The jackal is almost dead.
The jackal barely misses you.
The jackal bites you but does no damage.
You hit the jackal but do no damage.
Your weapon exudes an aura of protection.
The jackal is almost dead.
The jackal barely misses you. The jackal misses you.
The jackal barely misses you.
The jackal bites you but does no damage.
You hit the jackal but do no damage.
The jackal is almost dead.
The jackal closely misses you. x2
You hit the jackal.
You kill the jackal!
The jackal bites you but does no damage.
You hit the jackal.
The jackal is heavily wounded.
The jackal bites you but does no damage. x2
You barely miss the jackal.
The jackal is heavily wounded.
The jackal bites you but does no damage.
You closely miss the jackal.
You kill the jackal!
No target in view!
You see here a jackal corpse.
You butcher the jackal corpse.
g - 3 chunks of flesh You see here a jackal skeleton.
There is a stone staircase leading up here.
You see here a jackal corpse.
You butcher the jackal corpse.
g - 6 chunks of flesh (gained 3)
There is a stone staircase leading up, spattered with blood here.
You see here a jackal skeleton.
You start resting.
HP restored.
There is a stone staircase leading down here.
You start resting.
HP restored.
You climb downwards.
A rat, a giant cockroach and 5 orcs come into view.
The orc priest shouts!
The orc shouts!
The orc wizard shouts!
Found 2 rations, 28 arrows and 23 stones.
Found a stone staircase leading down.
There is a stone staircase leading up here.
The orc hits you. The orc hits you with a flail.
The orc wizard completely misses you.
The orc priest calls down the wrath of Beogh upon you.
Beogh smites you!
Ouch! That really hurt!
You die...

# ... . ...
#. (. #. ..
##%# .#
#.##... .#
......s#o##
...r..o@..#
......>%oo..#
.......o..#.#
#.##(..#.## #
. ..... .#
...... .#
###.### ## #.


You could see an orc priest, an orc wizard, 3 orcs, a giant cockroach and a rat.

Vanquished Creatures
  An adder (D:2)
  A bat (D:1)
  A giant cockroach (D:1)
  2 hobgoblins (D:1)
  4 jackals (D:2)
  4 kobolds
  2 goblins
  5 rats
20 creatures vanquished.

Notes
Turn   | Place    | Note
-------+----------+-------------------------------------------
     0 | D:1      | Amnesiac the Tengu Air Elementalist began the quest for the Orb.
     0 | D:1      | Reached XP level 1. HP: 10/10 MP: 4/4
    81 | D:1      | Reached XP level 2. HP: 8/15 MP: 6/6
   296 | D:2      | Reached XP level 3. HP: 6/19 MP: 2/7
   562 | D:3      | Killed from afar by an orc priest

Vault maps used:
D:1:      dpeg_arrival_tiny_c
D:2:      chequers_ecumenical_altar_island
D:3:      chequers_temple_overflow_statue_of_worship, vehumet_crystals

Skill      XL: |  1  2  3 |
---------------+----------+-----
Conjurations   | 2 3 4 |  4.0
Fighting       | |  0.2
Dodging        | |  2.1
Stealth        | |  2.0
Spellcasting   | |  2.0
Air Magic      | |  4.0

Action                   || total
-------------------------++-------
Melee: Dagger            ||    54
       Kick              ||    14
       Peck              ||     6
 Cast: Shock             ||     7
  Use: Potion            ||     1
 Stab: Sleeping          ||     1
Armor: Robe              ||    31
Dodge: Dodged            ||    45

Table legend:
 A = Spawn XP
 B = Non-spawn XP
 C = Spawn XP percentage of total XP
 D = Spawn monster count
 E = Non-spawn monster count
 F = Spawn count percentage of total count
 G = Total turns spent on level
                    A         B        C        D         E        F      G
               +---------+---------+-------+---------+---------+-------+---------
         Total |       0 |      42 |   0.0 |       0 |      20 |   0.0 |   562
               +---------+---------+-------+---------+---------+-------+---------
           D:1 |       0 |      17 |   0.0 |       0 |      12 |   0.0 |   268
           D:2 |       0 |      25 |   0.0 |       0 |       8 |   0.0 |   293
               +---------+---------+-------+---------+---------+-------+---------
